 Dungeon Crawl Stone Soup version 0.30.1-9-gdf580d7c3d (webtiles) character file.

Game seed: 17451938294709449164

200 Ivernyr the Shield-Bearer (level 6, -2/48 HPs)
             Began as a Formicid Fighter on Oct 9, 2023.
             Slain by tish's ghost (17 damage)
             ... on level 3 of the Dungeon.
             The game lasted 00:03:45 (1571 turns).

Ivernyr the Shield-Bearer (Formicid Fighter)        Turns: 1571, Time: 00:03:46

Health: -2/48      AC:  9    Str: 22    XL:     6   Next: 7%
Magic:  6/6        EV:  9    Int:  8    God:
Gold:   148        SH:  5    Dex: 13    Spells: 5/5 levels left

rFire   . . .        a - +0 war axe
rCold   . . .        c - +0 buckler
rNeg    . . .        b - +0 scale mail
rPois   .            (helmet unavailable)
rElec   .            (no cloak)
rCorr   .            (no gloves)
SInv    +            s - +1 pair of boots
Will    +....        (no amulet) Stlth
                     f - ring of willpower
HPRegen 0.28/turn    (no ring)
MPRegen 0.10/turn

%: no passive effects
@: no status effects
A: permanent stasis, dig shafts and tunnels, antennae 3, four strong arms
a: Dig, Shaft Self


You were on level 3 of the Dungeon.
You visited 1 branch of the dungeon, and saw 3 of its levels.

You collected 148 gold pieces.

Inventory:

Hand Weapons
 a - a +0 war axe (weapon)
Armour
 b - a +0 scale mail (worn)
 c - a +0 buckler (worn)
 s - a +1 pair of boots (worn)
Jewellery
 f - a ring of willpower (left hand)
 u - a +4 ring of protection
Wands
 v - a wand of roots (3)
Scrolls
 e - 3 scrolls of identify {unknown}
 h - a scroll of immolation {unknown}
 j - a scroll of fear {unknown}
 k - a scroll of summoning {unknown}
 l - 2 scrolls of silence {unknown}
 m - a scroll of enchant weapon {unknown}
 n - a scroll of teleportation {unknown}
 o - a scroll of magic mapping {unknown}
 p - a scroll of noise {unknown}
 q - a scroll of torment {unknown}
 r - a scroll of vulnerability {unknown}
 t - a scroll of fog {unknown}
Potions
 d - 2 potions of might
 g - a potion of degeneration {unknown}
 i - 2 potions of haste {unknown}


   Skills:
 + Level 4.2 Fighting
 * Level 3.9 Axes
 + Level 4.3 Armour
 + Level 5.1 Shields


You had 5 spell levels left.
You didn't know any spells.
Your spell library was empty.

Dungeon Overview and Level Annotations

Branches:
Dungeon (3/15)

Altars:
Kikubaaqudgha

Annotations:
D:3 tish's ghost, amateur OpFi


Innate Abilities, Weirdness & Mutations

You cannot be hasted, slowed, berserked, paralysed or teleported.
You can dig through walls and to a lower floor.
You have a pair of large antennae on your head. (SInv)
Your four strong arms can wield two-handed weapons with a shield.


Message History

The ball python constricts you.
You closely miss the ball python.
The ball python bites you but does no damage.
The ball python constricts you.
You slash the ball python!
You kill the ball python!
There is a dry fountain here.
Tish's ghost turns its malevolent gaze towards you.
Could not explore, unopened runed door.
Could not explore, unopened runed door.
You open the door. You hit tish's ghost.
Tish's ghost is lightly damaged.
Tish's ghost barely misses you. Tish's ghost hits you.
You completely miss tish's ghost.
Tish's ghost is lightly damaged.
You block tish's ghost's attack.
You barely miss tish's ghost.
Tish's ghost is lightly damaged.
Tish's ghost closely misses you.
You closely miss tish's ghost.
Tish's ghost is lightly damaged.
You block tish's ghost's attack. Tish's ghost barely misses you.
You barely miss tish's ghost.
Tish's ghost is lightly damaged.
Tish's ghost hits you but does no damage.
You slash tish's ghost!
Tish's ghost is heavily damaged.
Tish's ghost closely misses you.
You barely miss tish's ghost.
Tish's ghost is heavily damaged.
Tish's ghost tries to blend into its surroundings.
Tish's ghost closely misses you. Tish's ghost hits you.
You are electrocuted!
You completely miss tish's ghost.
Tish's ghost is heavily damaged.
Tish's ghost hits you!
You hit tish's ghost.
Tish's ghost is severely damaged.
Tish's ghost hits you.
You are electrocuted!
You die...

[................................
###.........#..................#.
#............................#.
###.................###........#.
.......##.#........##⌠##.......#.
.......##.#.......##...##......#.
.......##.##.....##..!..##.....#.
.......##.###....W...♣..⌠#.....#.
...........###..@##..?..##....##.
...........# ##...##...##....##..
#####......# ##...##⌠##.....#...
#......# ##...###....#.#.#. #
#......# ##........##.#.#. ###
#......# ##......###...#.
..###......# ##....####..##.
#..........##############........
###........#...........##....÷...


You could see tish's ghost.

Vanquished Creatures
  A water moccasin (D:3)
  4 adders
  A worm (D:3)
  3 dart slugs
  11 ball pythons
  5 endoplasms
  3 giant cockroaches
  5 goblins
  5 hobgoblins
  4 kobolds
  A quokka (D:1)
  4 bats
  5 frilled lizards
  5 rats
57 creatures vanquished.

Notes
Turn   | Place    | Note
-------+----------+-------------------------------------------
     0 | D:1      | Ivernyr the Formicid Fighter began the quest for the Orb.
     0 | D:1      | Reached XP level 1. HP: 18/18 MP: 1/1
    68 | D:1      | Reached XP level 2. HP: 24/24 MP: 2/2
   302 | D:1      | Reached XP level 3. HP: 24/29 MP: 3/3
   470 | D:2      | You fall into a shaft and drop 1 floor!
   588 | D:3      | Found a runed translucent door.
   588 | D:3      | Noticed tish's ghost (amateur OpFi)
   601 | D:3      | Noticed a water moccasin
   608 | D:3      | Killed a water moccasin
   609 | D:3      | Reached XP level 4. HP: 37/37 MP: 4/4
   609 | D:3      | Reached XP level 5. HP: 42/42 MP: 5/5
   966 | D:2      | Reached skill level 5 in Shields
  1327 | D:3      | Found an ancient bone altar of Kikubaaqudgha.
  1334 | D:3      | Reached XP level 6. HP: 48/48 MP: 6/6
  1483 | D:3      | Found a faded altar of an unknown god.
  1571 | D:3      | Slain by tish's ghost

Illustrated notes

Levels and vault maps discovered:
D:1:      psy_arrival_whirlpool, layout_rooms
D:2:      layout_basic, nrook_loot_triangle, minmay_increasing_density
D:3:      layout_basic, kiku_gazebo_pond_becter,
          nicolae_ecumenical_snake_handling, hellmonk_ghost_happy_afterlife

Skill      XL: |  1  2  3  4  5 |
---------------+----------------+-----
Fighting       | 4 |  4.2
Axes           | 3 |  3.9
Armour         | 4 |  4.3
Shields        | 5 |  5.1

Action                     |  1- 3 |  4- 6 || total
---------------------------+-------+-------++-------
  Melee: War axe           |    57 |    84 ||   141
 Armour: Scale mail        |    17 |    57 ||    74
  Dodge: Dodged            |    29 |    38 ||    67
  Block: Buckler           |    18 |    21 ||    39
